 Dungeon Crawl Stone Soup version 0.29.1-1-gd02db6906a (webtiles) character file.

Game seed: 2813360148546740077

28 hawla the Stinger (level 3, 0/26 HPs)
             Began as a Meteoran Venom Mage on Oct 3, 2022.
             Slain by a hobgoblin (1 damage)
             ... on level 2 of the Dungeon.
             The game lasted 00:03:00 (555 turns).

hawla the Stinger (Meteoran Venom Mage)              Turns: 555, Time: 00:03:02

Health: 0/26       AC:  2    Str:  9    XL:     3   Next: 47%
Magic:  5/8        EV: 12    Int: 19    God:
Gold:   23         SH:  0    Dex: 14    Spells: 5/8 levels left

rFire   . . .      SeeInvis .   e - +0 quarterstaff
rCold   . . .      Faith    .   (shield currently unavailable)
rNeg    . . .      Spirit   .   a - +0 robe
rPois   .          Reflect  .   (no helmet)
rElec   .          Harm     .   (no cloak)
rCorr   .          Rampage  .   (no gloves)
Will    .....                   (no boots)
Stlth   +.........              (no amulet)
HPRegen 0.08/turn               (no ring)
MPRegen 0.11/turn               (no ring)

@: glowing
A: sense surroundings 1, otherworldly, glowing, explore regen
a: no special abilities


You were on level 2 of the Dungeon.
You visited 1 branch of the dungeon, and saw 2 of its levels.

You collected 23 gold pieces.

Inventory:

Hand Weapons
 e - a +0 quarterstaff (weapon)
Armour
 a - a +0 robe (worn)
Jewellery
 f - a ring of magical power
Potions
 b - a potion of magic
 c - a potion of brilliance
 d - a potion of curing {unknown}


   Skills:
 + Level 2.6 Dodging
 - Level 1.4 Stealth
 + Level 3.2 Spellcasting
 + Level 2.0 Transmutations
 + Level 4.2 Poison Magic


You had 5 spell levels left.
You knew the following spells:

 Your Spells              Type           Power      Damage    Failure   Level
a - Sting                 Tmut/Pois      60%        1d6       4%          1
b - Poisonous Vapours     Pois/Air       22%        N/A       10%         2

Your spell library contained the following spells:

 Spells                   Type           Power      Damage    Failure   Level
 Mephitic Cloud           Conj/Pois/Air  8%         N/A       26%         3
 Olgreb's Toxic Radiance  Pois           19%        N/A       26%         4


Dungeon Overview and Level Annotations

Branches:
Dungeon (2/15) Zot: 640

Altars:


Innate Abilities, Weirdness & Mutations

You passively map a small area around you.
You are easily found by Zot.
You glow in the dark.
You regain HP and MP as you explore.


Message History

An endoplasm comes into view.
The hobgoblin hits you.
The endoplasm quivers.
You hit the hobgoblin.
The hobgoblin is almost dead.
The endoplasm hits you.
The hobgoblin hits you but does no damage.
The hobgoblin hits you. x2; The endoplasm hits you.
Casting: Sting (safe; 4% risk of failure)
Confirm with . or Enter, or press ? or * to list all spells.
Aiming: Poisonous Vapours (safe; 10% risk of failure)
Press: ? - help, Dir - move target, f - hobgoblin
Aim: a hobgoblin Poisonous vapours surround the hobgoblin!
The hobgoblin is poisoned.
The hobgoblin hits you. The endoplasm barely misses you.
The hobgoblin hits you.
* * * LOW HITPOINT WARNING * * *
Casting: Poisonous Vapours (safe; 10% risk of failure)
Confirm with . or Enter, or press ? or * to list all spells.
Aiming: Sting (safe; 4% risk of failure)
Press: ? - help, Shift-Dir - straight line, f - endoplasm, p - hobgoblin
Aim: an endoplasm (98% to hit)
The sting hits the endoplasm but does no damage.
The endoplasm is poisoned.
The hobgoblin barely misses you. The endoplasm barely misses you.
The hobgoblin hits you.
* * * LOW HITPOINT WARNING * * *
You kill the endoplasm!
The hobgoblin attacks as you move away! The hobgoblin hits you.
* * * LOW HITPOINT WARNING * * *
The hobgoblin looks more healthy.
Casting: Sting (safe; 4% risk of failure)
Confirm with . or Enter, or press ? or * to list all spells.
Aiming: Sting (safe; 4% risk of failure)
Press: ? - help, Shift-Dir - straight line, f - hobgoblin
Aim: a hobgoblin (almost dead, 74% to hit)
The sting misses the hobgoblin.
The sting hits the endoplasm.
The endoplasm partially resists.
The endoplasm is poisoned.
The endoplasm is lightly wounded.
The hobgoblin hits you.
You die...

, .. * #.#* .# * *
#.# *.# # #.# ##.#
.# **
#.####..###..., *#
#.#......... ,
##..###.#.##..#.#.##
,
....................
#..###@#.##<.....# *
##..###g#.##......#*
..........##.#..#...
,##.....J#.##.#..#
.. .......g........#
* ####.##.#.####..#
, #........... .
####...##.##,## * *
##.... .. *


You could see an endoplasm (poisoned) and 2 hobgoblins.

Vanquished Creatures
  2 dart slugs (D:1)
  A ball python (D:1)
  4 endoplasms
  2 goblins (D:1)
  2 hobgoblins
  4 quokkas (D:1)
  2 bats (D:1)
  3 kobolds (D:1)
  A rat (D:1)
21 creatures vanquished.

Notes
Turn   | Place    | Note
-------+----------+-------------------------------------------
     0 | D:1      | hawla the Meteoran Venom Mage began the quest for the Orb.
     0 | D:1      | Reached XP level 1. HP: 14/14 MP: 5/5
    63 | D:1      | Reached XP level 2. HP: 12/20 MP: 2/6
   161 | D:1      | Reached skill level 4 in Poison Magic
   294 | D:1      | Reached XP level 3. HP: 23/26 MP: 6/8
   297 | D:1      | Learned a level 2 spell: Poisonous Vapours
   499 | D:1      | Glimpsed the power of Zot.
   554 | D:2      | HP: 1/26 [hobgoblin (3)]
   555 | D:2      | Slain by a hobgoblin

Illustrated notes

Levels and vault maps discovered:
D:1:      dpeg_arrival_fog, layout_loops_corners
D:2:      layout_basic

Skill      XL: |  1  2  3 |
---------------+----------+-----
Poison Magic   | 4 |  4.2
Spellcasting   | 3 |  3.2
Transmutations | 2 |  2.0
Dodging        | |  2.6
Stealth        | |  1.4

Action                   || total
-------------------------++-------
Melee: Unarmed           ||    14
       Quarterstaff      ||    13
 Cast: Sting             ||    33
       Poisonous Vapours ||     3
  Use: Scroll            ||     2
Armor: Robe              ||     9
Dodge: Dodged            ||    24
